AoeStats
← JhoelAgeX

Arena

510243129Analyzed
4v4 RM · 23h ago on Sep 30, 2026· 65m 15s· 8 players
Game mode
Random Map
Map size
Large (8 player)
Population
200
Speed
Normal
Resources
Standard
Victory
Conquest
Starting age
Dark Age
Ending age
Imperial Age
RankedLock teamsTeams togetherTeam positionsShared explorationLock speedFull tech treeHidden civsTurbo modeCheats
Victory
Defeat
🇲🇽 Bulgarians · Mexico
1567
+17
🇧🇷 Cumans · Brazil
1551
+17
🇵🇪 Portuguese · Peru
1529
+18
🇳🇿 Armenians · New Zealand
1504
+19
🇵🇪 Teutons · Peru
1724
-23
🇵🇪 Bohemians · Peru
1719
-23
🇵🇪 Poles · Peru
1502
-15
🇲🇽 Byzantines · Mexico
1378
-10
Lolokoil
10:19 Feudal Age
11:47 Loom
14:24 Castle Age
12:39 Double-Bit Axe
12:49 Horse Collar
22:07 Wheelbarrow
22:46 Bow Saw
23:36 Masonry
23:13 Town Watch
27:51 Imperial Age
26:20 Heavy Plow
26:49 Scale Mail Armor
27:00 Forging
27:18 Gold Mining
27:45 Chain Mail Armor
28:06 Iron Casting
27:18 Gambesons
28:01 Squires
29:16 Plate Mail Armor
28:14 Capped Ram
29:34 Siege Ram
34:02 Parthian Tactics
33:19 Onager
36:00 Scale Barding Armor
36:55 Blast Furnace
36:45 Chain Barding Armor
36:37 Bloodlines
37:38 Siege Engineers
39:18 Fletching
42:57 Crop Rotation
42:08 Elite Skirmisher
43:32 Padded Archer Armor
43:54 Hand Cart
43:53 Bodkin Arrow
45:27 Light Cavalry
46:08 Husbandry
47:28 Plate Barding Armor
47:26 Hussar
49:33 Stirrups
55:13 Caravan
Manuel24
10:30 Feudal Age
11:59 Wheelbarrow
16:08 Castle Age
14:40 Double-Bit Axe
15:19 Loom
17:11 Gold Mining
18:22 Horse Collar
25:14 Imperial Age
23:20 Stone Mining
24:12 Bow Saw
25:07 Stone Shaft Mining
29:47 Chemistry
29:58 Scale Mail Armor
30:09 Forging
30:39 Man-at-Arms
30:39 Pikeman
31:39 Chain Mail Armor
32:00 Iron Casting
32:05 Conscription
32:34 Plate Mail Armor
31:36 Halberdier
41:45 Padded Archer Armor
43:07 Leather Archer Armor
47:41 Ring Archer Armor
47:27 Capped Ram
60:47 Arquebus
GAX | Nuno
9:08 Feudal Age
9:52 Double-Bit Axe
10:29 Horse Collar
15:42 Wheelbarrow
14:56 Loom
19:51 Castle Age
18:38 Scale Barding Armor
19:21 Bloodlines
20:02 Forging
21:00 Bow Saw
20:51 Heavy Plow
22:08 Chain Barding Armor
22:18 Heavy Plow
25:01 Hand Cart
26:24 Stone Mining
26:24 Gold Mining
27:42 Fletching
30:56 Imperial Age
28:14 Town Watch
30:40 Iron Casting
30:03 Bodkin Arrow
30:30 Ballistics
31:01 Gold Shaft Mining
31:14 Cavalier
32:30 Plate Barding Armor
33:11 Paladin
35:43 Blast Furnace
39:44 Conscription
40:43 Light Cavalry
41:39 Elite Kipchak
43:24 Chemistry
45:31 Padded Archer Armor
52:02 Parthian Tactics
51:43 Thumb Ring
53:45 Hussar
60:53 Caravan
JayJayNico
10:39 Feudal Age
14:23 Castle Age
12:15 Double-Bit Axe
13:43 Horse Collar
19:16 Stone Mining
20:40 Wheelbarrow
23:49 Heavy Plow
24:07 Bow Saw
25:22 Hand Cart
24:52 Loom
25:59 Fletching
30:01 Imperial Age
27:49 Bodkin Arrow
27:20 Man-at-Arms
28:25 Scale Mail Armor
27:54 Long Swordsman
28:34 Town Watch
29:11 Two-Handed Swordsman
30:03 Squires
29:48 Gambesons
30:32 Chain Mail Armor
31:02 Ballistics
31:46 Chemistry
31:06 Bracer
32:07 Forging
32:27 Plate Mail Armor
32:21 Fereters
33:11 Iron Casting
32:26 Arson
35:20 Blast Furnace
34:22 Gold Mining
34:54 Padded Archer Armor
35:18 Conscription
34:39 Champion
36:47 Treadmill Crane
37:17 Masonry
37:00 Elite Composite Bowman
38:16 Hoardings
38:07 Leather Archer Armor
39:19 Ring Archer Armor
43:43 Fortified Wall
43:56 Bombard Tower
45:36 Onager
59:06 Caravan
11RICOPOLLO11
11:08 Feudal Age
13:25 Loom
15:54 Castle Age
14:11 Double-Bit Axe
14:28 Horse Collar
19:59 Wheelbarrow
20:04 Scale Barding Armor
24:26 Imperial Age
26:09 Chemistry
24:53 Pikeman
25:51 Forging
28:40 Elite Skirmisher
30:43 Fletching
30:53 Padded Archer Armor
32:59 Scale Barding Armor
36:20 Bodkin Arrow
37:11 Gold Mining
39:01 Light Cavalry
42:36 Halberdier
44:39 Bracer
47:03 Leather Archer Armor
W_DPINT003
11:19 Feudal Age
14:55 Castle Age
13:15 Double-Bit Axe
13:11 Horse Collar
13:35 Horse Collar
16:32 Heavy Plow
16:43 Bow Saw
21:35 Wheelbarrow
21:16 Gold Mining
23:09 Hand Cart
27:36 Imperial Age
24:53 Loom
24:53 Town Watch
25:41 Scale Barding Armor
25:47 Forging
25:48 Stone Mining
26:51 Chain Barding Armor
27:36 Bloodlines
28:00 Cavalier
29:16 Plate Barding Armor
28:03 Capped Ram
29:37 Paladin
31:29 Iron Casting
32:35 Conscription
33:27 Scale Mail Armor
33:06 Pikeman
33:46 Squires
34:47 Blast Furnace
35:09 Chain Mail Armor
35:28 Halberdier
38:02 Blast Furnace
37:33 Plate Mail Armor
37:54 Gambesons
37:54 Arson
42:00 Caravan
45:27 Onager
47:27 Chemistry
48:09 Siege Onager
50:16 Siege Engineers
50:12 Padded Archer Armor
52:42 Leather Archer Armor
56:29 Leather Archer Armor
56:38 Ironclad
56:49 Masonry
57:50 Ring Archer Armor
57:41 Ballistics
59:33 Heavy Scorpion
Terror_PE
11:23 Feudal Age
12:15 Double-Bit Axe
12:29 Horse Collar
14:59 Castle Age
22:59 Wheelbarrow
22:40 Bow Saw
22:35 Heavy Plow
24:26 Hand Cart
24:50 Loom
26:43 Scale Mail Armor
26:53 Forging
29:29 Imperial Age
27:27 Pikeman
28:08 Squires
27:54 Arson
28:28 Chain Mail Armor
28:50 Iron Casting
29:33 Halberdier
30:44 Plate Mail Armor
29:37 Capped Ram
31:20 Two-Man Saw
30:42 Conscription
31:28 Elite Hussite Wagon
33:43 Chemistry
34:12 Wagenburg Tactics
34:01 Houfnice
36:09 Blast Furnace
37:52 Coinage
38:50 Siege Engineers
39:22 Fletching
40:08 Banking
39:49 Guilds
42:15 Caravan
43:41 Bodkin Arrow
48:14 Sappers
JhoelAgeX
11:58 Feudal Age
15:37 Castle Age
13:55 Double-Bit Axe
14:06 Horse Collar
19:44 Bow Saw
21:19 Loom
25:09 Forging
27:56 Heavy Plow
28:14 Scale Mail Armor
30:48 Chain Mail Armor
35:18 Imperial Age
33:27 Wheelbarrow
35:05 Iron Casting
37:04 Blast Furnace
37:29 Crop Rotation
36:46 Town Watch
37:17 Hand Cart
37:47 Plate Mail Armor
37:55 Town Patrol
38:30 Elite Obuch
39:18 Pikeman
43:50 Man-at-Arms
44:53 Scale Barding Armor
44:41 Light Cavalry
45:37 Bloodlines
45:55 Chain Barding Armor
45:38 Husbandry
45:45 Winged Hussar
50:02 Szlachta Privileges
Connection lost

Rejoining the realm…

Still unreachable

The connection could not be restored.

Session expired

The server has moved on; the page needs a fresh start.